giann, lawful female dwarven Valkyrie -------------- #-._..........| ------ #|..{`.........# |...>| ------------ #--------------# |....| |........S@| #### # |....| ........SSS| # # |.....# -.---------- # # ---|--# # # # # # ### # # ###### # # # # # #------------ # ##### # # # #|....<.....| # # -+---|- # % # #...........| # ###|.....| -|-------# # ###|.(........| # #-.....| |.......-# #############|...........##### -----.- |.....| |.......| #------ ### ------------ # |.....| ------- |.......-##########|....| # ##......| --------- #......## |.....| |....| |.....| ------ ------- giann the Skirmisher Experience level: 4 Strength: 16 Dexterity: 11 Constitution: 17 Intelligence: 8 Wisdom: 9 Charisma: 10 Health: 0(40) Energy: 4(4) Def: 3 Gold: 106 Moves: 1754 Dungeon seed: 4GhuXXNYo47bq3tA Game ID: giann_1506189462 Your Inventory: Coins $ - 106 gold pieces Weapons a - a +1 long sword (weapon in hand) b - a +0 dagger Armor e - an uncursed burnt +3 small shield (being worn) Spellbooks h - a blessed spellbook of force bolt Tools d - an uncursed oil lamp (0:1477) f - an uncursed large box named stash Gems n - an uncursed turquoise stone q - an uncursed worthless piece of blue glass Contents of the large box named stash: 2 uncursed cream pies Spells and supernatural/magical abilities: Name Level Category Fail Memory a - force bolt 1 attack 64% 93% W - pray for help -- divine ? -- Your skills at the end: Fighting Skills wands [Basic] Weapon Skills dagger [Basic] long sword [Basic] Spellcasting Skills Final Attributes: You had transgressed. You were cold resistant. You had infravision. You were stealthy. You were unlucky. You are dead. Vanquished creatures: a little dog an acid blob a giant rat a yellow mold a gecko a jackal a fox a goblin 3 grid bugs 2 lichens 3 newts 16 creatures vanquished. Voluntary challenges: You used a wielded weapon 14 times, starting on turn 38. You read items or engraved 5 times, starting on turn 185. You never genocided any monsters. You never polymorphed an object. You never changed form. You used no wishes. You never split a pudding. You wrote Elbereth's name 1 time, starting on turn 1561. You violated your moral code, losing 55 points of alignment, starting on turn 823. Dungeon overview: The Dungeons of Doom: levels 1 to 2 Level 1 a long staircase Level 2 <- You were here an altar to Odin, some fountains History has recorded: On T:1 you entered the Dungeons of Doom to retrieve the Amulet of Yendor! On T:545 you advanced to experience level 2. On T:644 you reached level 2 of The Dungeons of Doom. On T:1689 you advanced to experience level 3. On T:1738 you advanced to experience level 4. Score breakdown: Gold: 106 ( 6903 points) Experience: 4 levels ( 9649 points) Exploration: 2 levels ( 4.35%) ( 4472 points) Discoveries: 3 items ( 1.20%) ( 3292 points) Valuables value: (no points given unless you survive) Artifact value: 0 ( 0 points) Variety of kills: 11 monsters ( 2.87%) ( 5084 points) Turncount: 1754 turns ( 0 points) Survival: died (score multiplied by 80%) Total score: 23520 Latest messages: As you read the scroll, it disappears. The scroll erupts in a tower of flame! The little dog is caught in the tower of flame! You kill the poor little dog! Welcome to experience level 3. You hear the rumble of distant thunder... You are caught in the tower of flame! Your wooden shield smoulders! The door resists! (3x) The door opens. You stop exploring. You kill the grid bug! Welcome to experience level 4. An endless stream of snakes pours forth! The water moccasin bites! (3x) You miss the water moccasin. The water moccasin bites! (2x) The water moccasin just misses! You miss the water moccasin. The water moccasin bites! (3x) You miss the water moccasin. The water moccasin bites! (2x) The water moccasin just misses! The water moccasin bites! (3x) You die... Final status: Farvel giann the Valkyrie, killed by a water moccasin... You died in The Dungeons of Doom on dungeon level 2 with 23520 points, and 106 pieces of gold, after 1754 moves. You were level 4 with a maximum of 40 hit points when you died.